1758 views
Uploaded 2022-12-27 22:43:47
Game version 1.32.10
11:46 long 1on1 ladder game on (2)NorthernIsles
Saved by DKnight
1758 views
Uploaded 2022-12-27 22:43:47
Game version 1.32.10
11:46 long 1on1 ladder game on (2)NorthernIsles

14 units @ 2.6k
/ 0.5k
9 buildings @ 1.5k
/ 0.5k


| Rod of Necromancy | 3 | 450 |
| Ritual Dagger | 1 | 125 |
| Orb of Corruption | 1 | 375 |
| Potion of Healing | 1 | 150 |
| total: | 6 | 1100g |
| Acolyte | 2 | 150 | / | 0 |
| Ghoul | 2 | 240 | / | 0 |
| Crypt Fiend | 7 | 1505 | / | 280 |
| Obsidian Statue | 1 | 200 | / | 35 |
| Abomination | 2 | 480 | / | 140 |
| total: | 14 | 2575g | / | 455w |
| Graveyard | 1 | 215 | / | 0 |
| Crypt | 1 | 200 | / | 50 |
| Altar of Darkness | 1 | 180 | / | 50 |
| Ziggurat | 4 | 600 | / | 200 |
| Tomb of Relics | 1 | 130 | / | 30 |
| Slaughterhouse | 1 | 140 | / | 135 |
| Halls of the Dead | 1 | 320 | / | 210 |
| Black Citadel | 1 | 325 | / | 230 |
| total: | 9 | 1465g | / | 465w |
| 0:03 | Acolyte |
| 0:09 | Graveyard |
| 0:16 | Crypt |
| 0:18 | Acolyte |
| 0:40 | Altar of Darkness |
| 0:58 | Ziggurat |
| 1:17 | Ghoul |
| 1:22 | Tomb of Relics |
| 1:51 | Crypt Fiend |
| 1:58 | Ziggurat |
| 2:20 | Crypt Fiend |
| 2:47 | Rod of Necromancy |
| 3:01 | Crypt Fiend |
| 3:04 | Death Coil |
| 3:11 | Ghoul |
| 3:55 | Halls of the Dead |
| 3:59 | Unholy Aura |
| 4:18 | Ziggurat |
| 4:19 | Crypt Fiend |
| 4:33 | Rod of Necromancy |
| 4:45 | Creature Attack |
| 5:33 | Crypt Fiend |
| 6:21 | Death Coil |
| 6:39 | Black Citadel |
| 6:54 | Ritual Dagger |
| 7:02 | Slaughterhouse |
| 7:42 | Ziggurat |
| 8:04 | Improved Creature Attack |
| 8:13 | Obsidian Statue |
| 8:35 | Frost Nova |
| 9:02 | Orb of Corruption |
| 9:02 | Rod of Necromancy |
| 9:06 | Destroyer Form |
| 9:14 | Web |
| 10:23 | Crypt Fiend |
| 10:25 | Abomination |
| 10:55 | Potion of Healing |
| 11:30 | Crypt Fiend |
| 11:31 | Abomination |
| Right click | 687 |
| Select group | 374 |
| Select | 221 |
| Build/train/purchase | 62 |
| Misc. action | 53 |
| Assign group | 25 |
| Use ability | 18 |
| Item give/drop | 3 |
19 units @ 3.3k
/ 0.5k
10 buildings @ 1.6k
/ 0.5k


| Rod of Necromancy | 2 | 300 |
| Orb of Corruption | 1 | 375 |
| Potion of Lesser Invulnerability | 1 | 150 |
| total: | 4 | 825g |
| Acolyte | 4 | 300 | / | 0 |
| Ghoul | 2 | 240 | / | 0 |
| Crypt Fiend | 10 | 2150 | / | 400 |
| Obsidian Statue | 2 | 400 | / | 70 |
| Abomination | 1 | 240 | / | 70 |
| total: | 19 | 3330g | / | 540w |
| Crypt | 1 | 200 | / | 50 |
| Graveyard | 1 | 215 | / | 0 |
| Ziggurat | 5 | 750 | / | 250 |
| Altar of Darkness | 1 | 180 | / | 50 |
| Tomb of Relics | 1 | 130 | / | 30 |
| Slaughterhouse | 1 | 140 | / | 135 |
| Halls of the Dead | 1 | 320 | / | 210 |
| Black Citadel | 1 | 325 | / | 230 |
| total: | 10 | 1615g | / | 515w |
| 0:04 | Acolyte |
| 0:04 | Acolyte |
| 0:08 | Crypt |
| 0:30 | Graveyard |
| 0:47 | Ziggurat |
| 0:59 | Altar of Darkness |
| 1:07 | Acolyte |
| 1:10 | Ghoul |
| 1:23 | Acolyte |
| 1:39 | Tomb of Relics |
| 1:41 | Ghoul |
| 2:03 | Crypt Fiend |
| 2:20 | Ziggurat |
| 2:57 | Rod of Necromancy |
| 2:59 | Death Coil |
| 3:08 | Halls of the Dead |
| 3:33 | Crypt Fiend |
| 3:55 | Crypt Fiend |
| 4:03 | Ziggurat |
| 4:24 | Unholy Aura |
| 4:33 | Crypt Fiend |
| 5:18 | Crypt Fiend |
| 5:54 | Slaughterhouse |
| 6:00 | Death Coil |
| 6:23 | Black Citadel |
| 6:36 | Frost Nova |
| 6:44 | Rod of Necromancy |
| 6:50 | Crypt Fiend |
| 6:59 | Ziggurat |
| 7:20 | Obsidian Statue |
| 7:48 | Potion of Lesser Invulnerability |
| 8:26 | Crypt Fiend |
| 8:27 | Obsidian Statue |
| 8:48 | Orb of Corruption |
| 9:09 | Ziggurat |
| 9:24 | Crypt Fiend |
| 10:24 | Dark Ritual |
| 11:00 | Crypt Fiend |
| 11:11 | Unholy Aura |
| 11:13 | Crypt Fiend |
| 11:14 | Abomination |
| Right click | 584 |
| Select group | 583 |
| Select | 172 |
| Misc. action | 67 |
| Build/train/purchase | 49 |
| Assign group | 24 |
| Use ability | 21 |
| Item give/drop | 3 |
| Remove unit | 1 |